 Dungeon Crawl Stone Soup version 0.23.2 (webtiles) character file.

Game seed: 12941647146692766413

102 Menchi the Ruffian (level 4, -1/39 HPs)
             Began as a Ghoul Monk on Apr 7, 2019.
             Slain by Sigmund
             ... wielding a +0 scythe
              (14 damage)
             ... on level 2 of the Dungeon.
             The game lasted 00:03:54 (1438 turns).

Menchi the Ruffian (Ghoul Monk)                     Turns: 1438, Time: 00:03:55

Health: -1/39      AC:  2    Str: 15    XL:     4   Next: 78%
Magic:  3/3        EV: 12    Int:  5    God:
Gold:   125        SH:  4    Dex: 11    Spells: 3/3 levels left

rFire    . . .     SeeInvis .     - Unarmed
rCold    + . .     Gourm    .   k - +0 buckler
rNeg     + + +     Faith    .   a - +0 robe
rPois    ∞         Spirit   .   (no helmet)
rElec    .         Reflect  .   (no cloak)
rCorr    .         Harm     .   (no gloves)
MR       .....                  (no boots)
Stlth    ++........             (no amulet)
HPRegen  0.00/turn              m - ring of poison resistance
MPRegen  0.08/turn              (no ring)

@: rotting
A: rotting body, claws 1, carnivore, cold resistance 1, negative energy
resistance 3, inhibited regeneration, torment resistance, unbreathing
a: no special abilities


You were on level 2 of the Dungeon.
You were not hungry.

You visited 1 branch of the dungeon, and saw 2 of its levels.

You collected 125 gold pieces.

Inventory:

Armour
 a - a +0 robe (worn)
 k - a +0 buckler (worn)
Jewellery
 m - a ring of poison resistance (left claw)
Scrolls
 f - a scroll of remove curse
Potions
 e - a potion of flight
 g - 2 potions of mutation
 h - 3 potions of curing {unknown}
 i - a potion of resistance {unknown}
 l - a potion of haste {unknown}
 n - a potion of brilliance {unknown}
Comestibles
 b - 7 rations


   Skills:
 - Level 3.6 Fighting
 - Level 2.6 Dodging
 - Level 2.1 Stealth
 * Level 2.9 Shields
 - Level 4.2 Unarmed Combat


You had 3 spell levels left.
You didn't know any spells.
Your spell library was empty.

Dungeon Overview and Level Annotations

Branches:
Dungeon (2/15)

Altars:

Annotations:
D:2 Sigmund


Innate Abilities, Weirdness & Mutations

Your body is rotting away.
You thrive on raw meat.
You are immune to poison.
You have sharp fingernails.
You are carnivorous and can eat meat at any time.
Your flesh is cold resistant. (rC+)
You are immune to negative energy. (rN+++)
You do not regenerate when monsters are visible.
You are immune to unholy pain and torment.
You can survive without breathing.


Message History

You are too injured to fight recklessly!
You are too injured to fight recklessly!
You are too injured to fight recklessly!
You are too injured to fight recklessly!
You are too injured to fight recklessly!
You are too injured to fight recklessly!
You are too injured to fight recklessly!
You claw Sigmund!
Sigmund is heavily wounded.
Sigmund closely misses you.
You scratch Sigmund.
Sigmund is severely wounded.
You scratch Sigmund but do no damage.
Sigmund is severely wounded.
Sigmund points at you and mumbles some strange words.
The magic dart hits you.
You scratch Sigmund.
Sigmund is severely wounded.
Sigmund hits you with a +0 scythe!
You die...

#.# #####..@ #..#### ..#...
#..#..)####.... ###
##..#..#......#.# #.###
##..#..##. ..#...## #...###
...##.#.. #.....# #.#.§.#####
......#.# #.#@..# #.###§##...
.....##.#####.#.@.## #.# #§##...
..............#....## #.#
#§#.... .#.......######.#...#
#.# #§#.... .##..##..##
#.#...###.###....#. ......#...#
#.##..#......#.#... ##..#..)#.##
#.##.........#.#... #.##......##
#.##...........#...
#.###......###.##..######.###...
#.####.#<......##.........# #...


You could see Sigmund.

Vanquished Creatures
  A hound (D:2)
  An adder (D:2)
  A worm (D:2)
  4 dart slugs
  A leopard gecko (D:2)
  4 bats
  2 giant cockroaches (D:1)
  8 goblins
  4 hobgoblins
  4 jackals (D:2)
  7 kobolds
  2 frilled lizards (D:2)
  9 rats
48 creatures vanquished.

Notes
Turn   | Place    | Note
-------+----------+-------------------------------------------
     0 | D:1      | Menchi the Ghoul Monk began the quest for the Orb.
     0 | D:1      | Reached XP level 1. HP: 19/19 MP: 0/0
   185 | D:1      | Reached XP level 2. HP: 26/26 MP: 1/1
   330 | D:1      | Reached skill level 4 in Unarmed Combat
   515 | D:1      | Reached XP level 3. HP: 30/31 MP: 2/2
   782 | D:2      | Reached XP level 4. HP: 15/39 MP: 3/3
  1299 | D:2      | Noticed Sigmund
  1438 | D:2      | Slain by Sigmund

Skill      XL: |  1  2  3 |
---------------+----------+-----
Unarmed Combat | 4 |  4.2
Shields        | 2 |  2.9
Fighting       | |  3.6
Dodging        | |  2.6
Stealth        | |  2.1

Action                   |  1- 3 |  4- 6 || total
-------------------------+-------+-------++-------
Melee: Unarmed           |    85 |    93 ||   178
       Punch             |     2 |       ||     2
  Use: Scroll            |       |     7 ||     7
 Stab: Sleeping          |     3 |     1 ||     4
  Eat: Chunk             |    11 |     4 ||    15
Armor: Robe              |    13 |    20 ||    33
Dodge: Dodged            |    52 |    71 ||   123
Block: Buckler           |     3 |    23 ||    26
